 Dungeon Crawl Stone Soup version 0.21.1-1-g345015f (webtiles) character file.

42 Iko the Conjurer (level 3, -9/20 HPs)
             Began as a Gargoyle Conjurer on May 7, 2018.
             Was an Initiate of Dithmenos.
             Mangled by Menkaure (16 damage)
             ... on level 4 of the Dungeon.
             The game lasted 00:07:01 (470 turns).

Iko the Conjurer (Gargoyle Conjurer)                 Turns: 470, Time: 00:07:01

Health: -9/20      AC:  8    Str: 11    XL:     3   Next: 56%
Magic:  1/6        EV: 10    Int: 15    God:    Dithmenos [......]
Gold:   100        SH:  0    Dex: 11    Spells: 5/6 levels left

rFire    x . .     SeeInvis .   d - +1 whip
rCold    + . .     Gourm    .   (no shield)
rNeg     + . .     Faith    .   e - +0 ring mail
rPois    ∞         Spirit   .   (no helmet)
rElec    +         Reflect  .   (no cloak)
rCorr    .         Harm     .   (no gloves)
MR       .....                  (no boots)
Stlth    +.........             (no amulet)
HPRegen  0.06/turn              a - ring of ice
MPRegen  0.10/turn              (no ring)

@: very slightly contaminated
A: negative energy resistance 1, electricity resistance, unbreathing,
petrification resistance, rot immunity, AC +3
a: Renounce Religion


You were on level 4 of the Dungeon.
You worshipped Dithmenos.
Dithmenos was noncommittal.
You were not hungry.

You visited 1 branch of the dungeon, and saw 4 of its levels.

You collected 100 gold pieces.

Inventory:

Hand Weapons
 d - a +1 whip (weapon)
Missiles
 g - 3 exploding tomahawks (quivered)
Armour
 e - a +0 ring mail (worn)
Jewellery
 a - a ring of ice (left hand)
Scrolls
 f - a scroll of immolation
Books
 b - a book of Conjurations

   Spells                             Type                      Level
   a - Magic Dart                     Conjuration                  1
   b - Searing Ray                    Conjuration                  2
   c - Dazzling Spray                 Conjuration/Hexes            3
   d - Fulminant Prism                Conjuration/Hexes            4
   e - Force Lance                    Conjuration/Translocation    4
   f - Iskenderun's Mystic Blast      Conjuration                  4
Comestibles
 c - 4 rations


   Skills:
 + Level 1.1 Fighting
 + Level 1.0 Maces & Flails
 + Level 1.8 Dodging
 + Level 2.3 Stealth
 + Level 2.1 Spellcasting
 + Level 5.0 Conjurations


You had 5 spell levels left.
You knew the following spells:

 Your Spells              Type           Power        Failure   Level  Hunger
a - Magic Dart            Conj           ###.         7%          1    #......


Dungeon Overview and Level Annotations

Branches:
Dungeon (4/15)
 Temple: D:4-7

Altars:
Dithmenos

Annotations:
D:4 Menkaure


Innate Abilities, Weirdness & Mutations

You are resistant to torment.
Your stone body is resilient. (AC +3)
You are immune to poison.
You resist negative energy. (rN+)
You are resistant to electric shocks. (rElec)
You can survive without breathing.
You are immune to petrification.
You are immune to rotting.


Message History

The exploding tomahawk explodes!
You hear a bark! x2
Throwing (i - inventory):
g - 3 exploding tomahawks (quivered)
Press: ? - help, Shift-Dir - straight line, f/p - Menkaure
Aim: Menkaure (heavily damaged)
Okay, then.
You hit Menkaure but do no damage.
Menkaure is heavily damaged.
Menkaure calls on the powers of darkness!
Your body is wracked with pain!
You hit Menkaure.
Menkaure is severely damaged.
You hit Menkaure.
Menkaure is severely damaged.
Menkaure hits you.
You hit Menkaure but do no damage.
Menkaure is severely damaged.
Menkaure hits you!
Ouch! That really hurt!
You die...

### #.. #.#
#.# #.#
##.####.#
...#....#
#......@####
#.##...M...#
#.....###
#.....#
#.....#
#.....###
#...#...#
#...##..#
#... #..#


You could see Menkaure.

Vanquished Creatures
  2 adders
  An ooze (D:2)
  A dart slug (D:3)
  An orc (D:3)
  2 giant cockroaches
  3 goblins
  3 hobgoblins
  A kobold (D:3)
  3 rats
17 creatures vanquished.

Notes
Turn   | Place    | Note
-------+----------+-------------------------------------------
     0 | D:1      | Iko the Gargoyle Conjurer began the quest for the Orb.
     0 | D:1      | Reached XP level 1. HP: 10/10 MP: 3/3
    68 | D:1      | Learned a level 1 spell: Magic Dart
   161 | D:2      | Reached XP level 2. HP: 14/15 MP: 3/5
   177 | D:2      | Found a shadowy altar of Dithmenos.
   216 | D:2      | Became a worshipper of Dithmenos the Shadowed
   305 | D:3      | Reached XP level 3. HP: 7/20 MP: 6/6
   312 | D:3      | Reached skill level 1 in Fighting
   338 | D:3      | Reached skill level 5 in Conjurations
   379 | D:3      | Reached skill level 1 in Maces & Flails
   456 | D:4      | Noticed Menkaure
   470 | D:4      | Mangled by Menkaure

Skill      XL: |  1  2  3 |
---------------+----------+-----
Fighting       | 1 |  1.1
Conjurations   | 5 |  5.0
Maces & Flails | 1 |  1.0
Dodging        | |  1.8
Stealth        | |  2.3
Spellcasting   | |  2.1

Action                   || total
-------------------------++-------
Melee: Whip              ||    48
Throw: Tomahawk          ||     2
 Cast: Magic Dart        ||    24
  Use: Scroll            ||     7
       Potion            ||     3
 Stab: Sleeping          ||     1
Armor: Robe              ||     2
       Ring mail         ||    19
       Skin              ||     1
Dodge: Dodged            ||    32
